 Dungeon Crawl Stone Soup version 0.26-a0-1129-gc5df7fbe6a (webtiles) character file.

Game seed: 8471261927741857068

82837 Bikalo the Impaler (level 15, -7/146 HPs)
             Began as a Demonspawn Chaos Knight on Dec 18, 2020.
             Was a Plaything of Xom.
             Killed from afar by a shock serpent (18 damage)
             ... with a bolt of electricity
             ... on level 2 of the Snake Pit on Dec 19, 2020.
             The game lasted 01:27:51 (31925 turns).

Bikalo the Impaler (Demonspawn Chaos Knight)       Turns: 31925, Time: 01:27:53

Health: -7/146     AC: 28    Str: 17    XL:     15   Next: 30%
Magic:  15/15      EV:  4    Int: 18    God:    Xom [...*..]
Gold:   2734       SH: 29    Dex: 12    Spells: 14/14 levels left

rFire    . . .     SeeInvis +   a - +1 spear (chaos)
rCold    + . .     Faith    .   f - +7 tower shield "Ibemmos" {Rampage rPois Int+2}
rNeg     . . .     Spirit   .   t - +0 plate armour {Will+}
rPois    +         Reflect  +   G - +2 helmet {SInv}
rElec    .         Harm     .   u - +1 cloak
rCorr    .         Rampage  +   j - +2 pair of gloves
Will     ++...     Clarity  +   (boots unavailable)
Stlth    ..........             w - amulet of reflection
HPRegen  0.34/turn              s - +4 ring of protection
MPRegen  0.14/turn              g - ring of protection from cold

@: lethally poisoned (-7 -> -8)
A: fangs 1, hooves 3, clarity, demonic guardian 1, dopey 1, foul stench 1,
robust 2, weak 1, wild magic 1, miasma immunity, MP-powered wands, big brain 2
a: Renounce Religion


You were on level 2 of the Snake Pit.
You worshipped Xom.
You were a favourite toy of Xom.
You visited 4 branches of the dungeon, and saw 22 of its levels.
You also visited: Sewer and Ossuary.

You collected 3204 gold pieces.
You spent 470 gold pieces at shops.

Inventory:

Hand Weapons
 a - a +1 spear of chaos (weapon)
 E - a +0 halberd
Missiles
 V - 3 arrows
Armour
 e - a +0 helmet
 f - the +7 tower shield "Ibemmos" (worn) {Rampage rPois Int+2}
   (You found it on level 4 of the Dungeon)

   It affects your intelligence (+2).
   It protects you from poison.
   It bestows one free step when moving towards enemies.
 j - a +2 pair of gloves (worn)
 t - a +0 plate armour of willpower (worn)
 u - a +1 cloak (worn)
 D - a +3 plate armour
 G - a +2 helmet of see invisible (worn)
Jewellery
 d - an uncursed amulet of regeneration
 g - a ring of protection from cold (right hand)
 r - an uncursed ring of stealth
 s - a +4 ring of protection (left hand)
 w - an amulet of reflection (around neck)
 K - a +6 ring of intelligence
 Q - an uncursed ring of see invisible
 U - an uncursed ring of willpower
Wands
 o - a wand of digging (6)
 y - a wand of disintegration (17)
 A - a wand of acid (15)
 B - a wand of random effects (9)
 F - a wand of iceblast (17)
 J - a wand of enslavement (9)
 N - a wand of paralysis (6)
Scrolls
 b - 6 scrolls of magic mapping
 i - 2 scrolls of identify
 k - a scroll of silence
 l - 2 scrolls of enchant armour
 m - 9 scrolls of enchant weapon
 n - 4 scrolls of amnesia
 p - 4 scrolls of fear
 q - 5 scrolls of teleportation
 v - a scroll of torment
 x - 4 scrolls of remove curse
 H - a scroll of fog
 I - a scroll of blinking
 R - a scroll of vulnerability {unknown}
 T - a scroll of acquirement {unknown}
Potions
 c - a potion of magic
 h - 4 potions of brilliance
 z - 4 potions of attraction
 C - 7 potions of ambrosia
 L - 2 potions of haste
 O - a potion of resistance
 P - a potion of curing
 S - a potion of berserk rage


   Skills:
 + Level 12.6 Fighting
 * Level 15.6 Polearms
 + Level 11.6 Armour
 - Level 3.0 Dodging
 + Level 11.1 Shields


You had 14 spell levels left.
You didn't know any spells.
Your spell library contained the following spells:

 Spells                   Type           Power        Failure   Level
 Shock                    Conj/Air       0%           100%        1
 Swiftness                Air            0%           100%        2
 Static Discharge         Conj/Air       0%           100%        3
 Airstrike                Air            0%           100%        4
 Lightning Bolt           Conj/Air       0%           100%        5
 Ignition                 Fire           0%           100%        8
 Shatter                  Erth           0%           100%        9
 Tornado                  Air            0%           100%        9


Dungeon Overview and Level Annotations

Branches:
Dungeon (11/15)            Temple (0/1) D:4            Lair (6/6) D:9
 Shoals (0/4) Lair:4        Snake (3/4) Lair:2        Slime (0/5) Lair:5
    Orc (2/2) D:10            Elf (0/3) Orc:2         Sewer (visited)
Ossuary (visited)

Altars:
Gozag
Kikubaaqudgha
Okawaru
Qazlal
Ru
Sif Muna
Trog
Uskayaw
Vehumet
Wu Jian
Xom
Yredelemnul
Zin
Beogh

Shops:
D:5 !   D:6 [   Orc:1 *   Orc:2 !:}[   Snake:1 (   Snake:2 }}=


Innate Abilities, Weirdness & Mutations

You have hooves in place of feet.
A weak demonic guardian rushes to your aid.
You may emit foul miasma when damaged in melee.
You are very robust. (+20% HP)
You are immune to miasma.
You have an extremely huge brain. (Int +4)
You have very sharp teeth.
You possess an exceptional clarity of mind.
You are dopey. (Int -2)
You are weak. (Str -2)
Your spells are a little harder to cast, but a little more powerful.
You expend magic power (3 MP) to strengthen your wands.


Message History

Xom thinks this is hilarious!
The black mamba bites you.
* * * LOW HITPOINT WARNING * * *
You feel much better.
The shock serpent shoots out a bolt of lightning at you!
The bolt of electricity misses you. The bolt of electricity hits you!
* * * LOW HITPOINT WARNING * * *
You block the black mamba's attack.
Your white imp gestures at the shock serpent.
The puff of frost misses the shock serpent.
You block the orc warrior's attack.
You hit the shock serpent but do no damage.
The shock serpent is severely wounded.
You block the black mamba's attack.
The shock serpent shoots out a bolt of lightning at you!
The bolt of electricity hits you.
* * * LOW HITPOINT WARNING * * *
The bolt of electricity hits you!!
You die...
Xom chortles!

.............((.......###...#...#
.................(...##....##.##.
.....................#....>##....
................##.#........#....
.................#.#[............
..)....(........[...#....##..#...
..............##....#...#######..
............####[o..##..#♣♣♣♣♣##.
...............S@[.##...#♣...♣♣##
.......(......5S##.[....#♣..∩.♣♣#
...####.........####....#♣.....♣#
....###.......)...##.....∩.⌠.∩.♣#
#..........##...........#♣.....♣#
###........###....<.....#♣..∩.♣♣#
####.......###..........#♣...♣♣##
.###........###.........#♣♣♣♣♣##.
..###.......####........#### ##..


You could see a shock serpent (strong, very poisoned, slow, sick), a black
mamba, an orc warrior (fast, strong, invisible, sick, drained) and a friendly
white imp (summoned).

Vanquished Creatures
  Saint Roka (Snake:2)
  A fire dragon (Lair:6)
  Snorg (D:10)
  A boulder beetle (Lair:2)
  2 naga warriors (Snake:2)
  5 hydras
  An anaconda (Snake:3)
  An ogre mage (Orc:2)
  A death yak (D:9)
  6 naga sharpshooters
  A shock serpent (Snake:2)
  3 lindwurms
  A naga ritualist (Snake:2)
  An orc knight (Orc:1)
  A lindwurm (shapeshifter) (Lair:6)
  2 mana vipers (Snake:2)
  A faun (shapeshifter) (Orc:2)
  8 orc sorcerers (Orc:2)
  A cyclops (Lair:3)
  A manticore (Lair:3)
  A salamander (Snake:1)
  A moth of wrath (Lair:6)
  A guardian serpent (shapeshifter) (Lair:6)
  12 naga magi
  Joseph (D:10)
  12 elephants
  17 black mambas
  2 guardian serpents
  11 cane toads
  4 torpor snails (Lair:6)
  Psyche (D:8)
  A rime drake (shapeshifter) (Snake:2)
  A rime drake (Lair:4)
  9 komodo dragons
  A troll (Orc:2)
  2 queen bees
  3 meliai (Lair:6)
  8 hornets
  10 polar bears
  A wind drake (Lair:4)
  A troll (shapeshifter) (Lair:6)
  3 tyrant leeches (Lair:6)
  A dream sheep (Orc:2)
  A raiju (Lair:6)
  14 blink frogs
  2 wyverns
  5 basilisks
  27 yaks
  A fire bat (D:7)
  5 steam dragons
  Menkaure (D:6)
  16 nagas
  7 wargs
  13 hell hounds (Lair:6)
  2 swamp worms (Lair:3)
  10 water moccasins
  11 orc warriors
  2 sky beasts
  A black bear (shapeshifter) (Snake:2)
  2 ice beasts
  A phantom (D:9)
  13 black bears
  9 ogres
  An ogre (shapeshifter) (Lair:6)
  An eye of draining (D:9)
  19 wolves
  4 centaurs
  A lemure (Lair:6)
  A big kobold (D:9)
  11 bullfrogs
  A gnoll sergeant (D:10)
  A water moccasin zombie (D:7)
  4 scorpions
  11 killer bees
  4 wights
  2 howler monkeys
  A bullfrog zombie (D:10)
  3 jellies
  9 orc priests
  A centaur skeleton (D:10)
  6 hounds
  30 orc wizards
  3 iguanas
  8 worker ants
  5 big kobold zombies (Ossuary)
  A mummy (Ossuary)
  12 gnolls
  13 adders
  A river rat (D:3)
  A shadow imp (D:6)
  3 white imps
  An ufetubus (D:4)
  4 oozes
  An adder zombie (D:7)
  An adder skeleton (D:4)
  5 worms
  11 leopard geckos
  61 orcs
  2 spectral bats (Ossuary)
  14 bats
  9 giant cockroaches
  14 goblins
  10 hobgoblins
  14 jackals
  4 quokkas
  4 bat simulacra (Ossuary)
  2 frilled lizards (D:2)
  7 gnoll zombies (Ossuary)
  4 goblin simulacra (Ossuary)
  5 goblin zombies (Ossuary)
  3 hobgoblin zombies (Ossuary)
  9 kobolds
  4 kobold simulacra (Ossuary)
  A kobold zombie (Ossuary)
  A leopard gecko zombie (D:6)
  2 orc zombies (Ossuary)
  A quokka skeleton (D:4)
  9 rats
  5 rat simulacra (Ossuary)
  7 spectral goblins (Ossuary)
  3 spectral kobolds (Ossuary)
  4 spectral rats (Ossuary)
667 creatures vanquished.

Vanquished Creatures (collateral kills)
  The ghost of Tetteh the Carver, a journeyman DrBe of Trog (Lair:5)
  A naga warrior (Snake:1)
  2 hydras
  A two-headed ogre (Orc:1)
  4 death yaks (D:9)
  An orc knight (Orc:1)
  A salamander (Snake:2)
  A guardian serpent (shapeshifter) (Lair:5)
  A black mamba (Snake:2)
  An elephant (Lair:4)
  A guardian serpent (Snake:1)
  A naga mage (Snake:1)
  A torpor snail (Lair:6)
  2 polar bears
  A troll (Orc:1)
  3 blink frogs
  A wyvern (Lair:4)
  3 yaks
  A steam dragon (Lair:4)
  A warg (Lair:6)
  2 water moccasins
  2 nagas
  A floating eye (Lair:4)
  2 ogres (D:9)
  A black bear (Lair:6)
  3 orc warriors (Orc:1)
  2 centaurs
  3 wolves
  3 lemures (D:7)
  4 bullfrogs
  A water moccasin zombie (D:8)
  2 killer bees (D:9)
  4 wights
  An electric eel (D:6)
  3 orc wizards
  An orc priest (Orc:1)
  2 gnolls (D:4)
  6 orcs
  A jackal (D:8)
  A quokka (D:9)
74 creatures vanquished.

Vanquished Creatures (others)
  A nagaraja (Snake:2)
  Nessos (Lair:4)
  2 dancing weapons
  6 yaks (D:10)
  An orc warrior (Orc:1)
  A killer bee (Lair:6)
  2 orcs
  19 fungi
  55 plants
88 creatures vanquished.

Grand Total: 829 creatures vanquished

Notes
Turn   | Place    | Note
-------+----------+-------------------------------------------
     0 | D:1      | Bikalo the Demonspawn Chaos Knight began the quest for the
                  | Orb.
     0 | D:1      | Reached XP level 1. HP: 18/18 MP: 1/1
    16 | D:1      | Reached skill level 1 in Dodging
   152 | D:1      | Gained mutation: A weak demonic guardian rushes to your
                  | aid. [demonic ancestry]
   152 | D:1      | Reached XP level 2. HP: 24/24 MP: 2/2
   160 | D:1      | Reached skill level 3 in Polearms
   540 | D:1      | XOM: silly message
   632 | D:1      | Gained mutation: You have large cloven feet. [demonic
                  | ancestry]
   632 | D:1      | Reached XP level 3. HP: 29/29 MP: 3/3
   647 | D:1      | XOM: silly message
   828 | D:2      | Found a glowing silver altar of Zin.
   986 | D:2      | XOM: silly message
  1021 | D:2      | Gained mutation: You are immune to miasma. [demonic
                  | ancestry]
  1021 | D:2      | Reached XP level 4. HP: 32/35 MP: 4/4
  1023 | D:2      | XOM: silly message
  1175 | D:2      | XOM: silly message
  1189 | D:3      | XOM: divination: detect items
  1445 | D:3      | XOM: noise
  1565 | D:3      | Gained mutation: You have an unusually large brain. (Int
                  | +2) [demonic ancestry]
  1565 | D:3      | Reached XP level 5. HP: 38/42 MP: 5/5
  1668 | D:3      | XOM: noise
  1677 | D:3      | XOM: confuse monster(s)
  1680 | D:3      | Reached skill level 4 in Polearms
  1866 | D:3      | Found a glowing drain.
  1877 | Sewer    | Entered a sewer
  1906 | Sewer    | Noticed a water moccasin
  1914 | Sewer    | Killed a water moccasin
  1915 | Sewer    | Gained mutation: You have hoof-like feet. [demonic
                  | ancestry]
  1915 | Sewer    | Reached XP level 6. HP: 42/48 MP: 6/6
  2046 | D:3      | XOM: god gift: 18 gold pieces
  2414 | D:4      | Got a spiked tower shield
  2415 | D:4      | Identified the +7 tower shield "Ibemmos" {Rampage rPois
                  | Int+2} (You found it on level 4 of the Dungeon)
  2478 | D:4      | XOM: divination: magic mapping
  2500 | D:4      | Found a staircase to the Ecumenical Temple.
  2531 | D:4      | Found a hide-covered altar of Uskayaw.
  2888 | D:5      | Entered Level 5 of the Dungeon
  2972 | D:5      | XOM: 1-stop teleportation journey
  3041 | D:5      | Found Muri's Distillery.
  3123 | D:5      | Reached skill level 5 in Polearms
  3123 | D:5      | Reached XP level 7. HP: 50/55 MP: 7/7
  3186 | D:5      | XOM: polymorph centaur -> worm
  3201 | D:5      | You fall into a shaft and drop 1 floor!
  3866 | D:6      | XOM: butterfly on damage
  3870 | D:6      | XOM: confuse monster(s)
  3873 | D:6      | Reached skill level 1 in Shields
  3977 | D:6      | Found a sacrificial altar of Ru.
  4013 | D:6      | Found an iron altar of Okawaru.
  4313 | D:6      | Reached skill level 5 in Fighting
  4425 | D:6      | Noticed Menkaure
  4431 | D:6      | Reached XP level 8. HP: 60/62 MP: 8/8
  4431 | D:6      | XOM: silly message
  4436 | D:6      | Killed Menkaure
  4437 | D:6      | Reached skill level 6 in Polearms
  4655 | D:6      | XOM: god gift: 22 gold pieces
  4717 | D:6      | Found Ottacet's Antique Armour Shop.
  4720 | D:6      | Bought a helmet for 126 gold pieces
  4841 | D:6      | XOM: noise
  5008 | D:7      | XOM: noise
  5116 | D:7      | Noticed Pikel
  5119 | D:7      | XOM: enchant monster (good)
  5125 | D:7      | Noticed Pikel
  5125 | D:7      | Pikel changed into Pikel the fire bat
  5125 | D:7      | XOM: polymorph Pikel -> Pikel the fire bat
  5129 | D:7      | XOM: 5-stop teleportation journey
  5132 | D:7      | XOM: enchant monster (bad)
  5135 | D:7      | XOM: summons 8 friendly demons
  5146 | D:7      | Killed Pikel the fire bat
  5234 | D:7      | XOM: give mutation
  5234 | D:7      | Gained mutation: You are dopey. (Int -2) [Xom's mischief]
  5276 | D:7      | XOM: 1-stop teleportation journey
  5379 | D:7      | XOM: chaos cloud
  5441 | D:7      | Found a sand-covered staircase.
  5467 | Ossuary  | Entered an ossuary
  5581 | Ossuary  | XOM: swap monsters
  6113 | D:8      | Reached skill level 7 in Polearms
  6287 | D:8      | Noticed Psyche
  6288 | D:8      | XOM: cast spell 'Summon Ice Beast'
  6296 | D:8      | Killed Psyche
  6297 | D:8      | Reached skill level 5 in Armour
  6297 | D:8      | Gained mutation: You have hooves in place of feet. [demonic
                  | ancestry]
  6297 | D:8      | Reached XP level 9. HP: 66/69 MP: 9/9
  6560 | D:8      | Lost mutation: You are dopey. (Int -2) [potion of mutation]
  6560 | D:8      | Gained mutation: You evolve. [potion of mutation]
  6560 | D:8      | Gained mutation: Your flesh is cold resistant. (rC+)
                  | [potion of mutation]
  6632 | D:8      | Found a bloodstained altar of Trog.
  6658 | D:8      | XOM: summons 4 hostile demons
  6744 | D:8      | XOM: scenery: create altars
  6766 | D:8      | Found a stormy altar of Qazlal.
  6881 | D:9      | Found a basalt altar of Yredelemnul.
  6883 | D:9      | Found a radiant altar of Vehumet.
  6883 | D:9      | Found a shimmering altar of Xom.
  6889 | D:9      | Reached skill level 8 in Polearms
  6893 | D:9      | XOM: torment (36/71 hp)
  6896 | D:9      | Found a shimmering blue altar of Sif Muna.
  7191 | D:9      | XOM: polymorph ogre -> killer bee
  7210 | D:9      | XOM: 6-stop teleportation journey
  7292 | D:9      | XOM: divination: magic mapping
  7488 | D:9      | XOM: give mutations
  7488 | D:9      | Gained mutation: You are clumsy. (Dex -2) [Xom's mischief]
  7488 | D:9      | Gained mutation: Armour fits poorly on your strangely
                  | shaped body. [Xom's mischief]
  7488 | D:9      | Gained mutation: You possess an exceptional clarity of
                  | mind. [Xom's mischief]
  7521 | D:9      | XOM: noise
  7622 | D:9      | Reached skill level 5 in Shields
  7622 | D:9      | Reached XP level 10. HP: 68/79 MP: 10/10
  7688 | D:9      | Noticed a death yak
  7688 | D:9      | Noticed a death yak
  7690 | D:9      | Found a staircase to the Lair.
  7690 | D:9      | Noticed a death yak
  7690 | D:9      | Noticed a death yak
  7690 | D:9      | Noticed a death yak
  7701 | D:9      | XOM: blink monster(s)
  7979 | D:9      | XOM: chaos cloud
  7990 | D:9      | XOM: confuse monster(s)
  7992 | D:9      | XOM: blink monster(s)
  8001 | D:9      | Killed a death yak
  8002 | D:9      | Reached skill level 9 in Polearms
  8089 | D:9      | XOM: blink monster(s)
  8160 | D:9      | XOM: summons 3 friendly demons
  8196 | D:9      | XOM: enchant monster (good)
  8201 | D:10     | Entered Level 10 of the Dungeon
  8340 | D:9      | XOM: summons 3 friendly demons
  8342 | D:9      | XOM: torment (10/79 hp)
  8398 | D:9      | XOM: chaos cloud
  8427 | D:9      | XOM: cleaving
  8433 | D:9      | XOM: cast spell 'Summon Hydra'
  8436 | D:9      | Killed a death yak
  8438 | D:9      | Killed a death yak
  8440 | D:9      | Killed a death yak
  8455 | D:9      | XOM: swap monsters
  8478 | D:9      | Killed a death yak
  8685 | D:9      | XOM: divination: detect creatures
  8936 | D:9      | XOM: silly message
  8984 | Lair:1   | Entered Level 1 of the Lair of Beasts
  8984 | Lair:1   | Noticed a cane toad
  8991 | Lair:1   | Killed a cane toad
  9014 | Lair:1   | Noticed a black mamba
  9037 | Lair:1   | Killed a black mamba
  9038 | Lair:1   | Reached skill level 10 in Polearms
  9199 | Lair:1   | XOM: noise
  9205 | Lair:1   | Noticed a cane toad
  9211 | Lair:1   | Killed a cane toad
  9212 | Lair:1   | Gained mutation: You have an extremely huge brain. (Int +4)
                  | [demonic ancestry]
  9212 | Lair:1   | Reached XP level 11. HP: 70/86 MP: 11/11
  9454 | Lair:1   | XOM: potion effect (haste)
 10017 | Lair:1   | XOM: summons 1 hostile shadow creature
 10123 | Lair:1   | XOM: fake destruction
 10159 | Lair:1   | XOM: chaos cloud
 10168 | Lair:1   | Paralysed by you for 7 turns
 10603 | Lair:1   | XOM: 1-stop teleportation journey
 10619 | Lair:1   | XOM: 5-stop teleportation journey
 11061 | Lair:1   | XOM: god gift: knobbly glass ring {god gift}
 11083 | Lair:1   | Noticed a four-headed hydra
 11084 | Lair:1   | XOM: enchant monster (good)
 11110 | Lair:1   | Killed a four-headed hydra
 11337 | Lair:2   | Reached skill level 11 in Polearms
 11368 | Lair:2   | XOM: summons friendly shadow imp
 11375 | Lair:2   | XOM: summons friendly shadow imp
 11544 | Lair:2   | XOM: noise
 11609 | Lair:2   | XOM: enchant monster (good)
 11637 | Lair:2   | XOM: potion effect (invisibility)
 11756 | Lair:2   | XOM: polymorph white imp -> crimson imp
 11886 | Lair:2   | Found a staircase to the Snake Pit.
 11886 | Lair:2   | XOM: 2-stop teleportation journey
 11898 | Lair:2   | XOM: scenery: 1 doors open
 12066 | Lair:2   | Noticed a boulder beetle
 12074 | Lair:2   | XOM: confuse monster(s)
 12093 | Lair:2   | Killed a boulder beetle
 12116 | Lair:2   | XOM: summons friendly crimson imp
 12117 | Lair:2   | XOM: divine lightning
 12184 | Lair:2   | XOM: divination: magic mapping
 12611 | D:10     | XOM: give mutations
 12611 | D:10     | Gained mutation: Your flesh is heat resistant. (rF+) [Xom's
                  | grace]
 12611 | D:10     | Gained mutation: Your system is resistant to poisons.
                  | (rPois) [Xom's grace]
 12611 | D:10     | Lost mutation: You are clumsy. (Dex -2) [Xom's grace]
 12643 | D:10     | Found a bloodstained altar of Trog.
 12738 | D:10     | XOM: summons 5 friendly demons
 12768 | D:10     | XOM: divine lightning
 12769 | D:10     | Gained mutation: You are robust. (+10% HP) [demonic
                  | ancestry]
 12769 | D:10     | Reached XP level 12. HP: 82/105 MP: 12/12
 12808 | D:10     | XOM: 2-stop teleportation journey
 12933 | D:10     | Noticed Joseph
 12952 | D:10     | Killed Joseph
 12971 | D:10     | XOM: cloud trail
 13025 | D:10     | Found a staircase to the Orcish Mines.
 13052 | D:10     | XOM: 1-stop teleportation journey
 13175 | D:10     | Noticed Snorg
 13191 | D:10     | Killed Snorg
 13239 | D:10     | XOM: god gift: fizzy purple potion {god gift}
 13294 | D:10     | XOM: divination: magic mapping
 13604 | D:11     | XOM: give mutation
 13604 | D:11     | Gained mutation: You expend magic power (3 MP) to
                  | strengthen your wands. [Xom's grace]
 13663 | Orc:1    | Entered Level 1 of the Orcish Mines
 13663 | Orc:1    | Found Qina's Assorted Antiques.
 13666 | Orc:1    | XOM: god gift: wand of iceblast (6)
 13681 | Orc:1    | Noticed a two-headed ogre
 13692 | Orc:1    | XOM: divine lightning
 13694 | Orc:1    | Reached skill level 12 in Polearms
 13702 | Orc:1    | Killed a two-headed ogre
 13852 | Orc:1    | Found a runed translucent door.
 14055 | Orc:1    | XOM: divination: magic mapping
 14242 | Orc:1    | XOM: scenery: create altars
 14265 | Orc:1    | XOM: summons friendly crimson imp
 14272 | Orc:1    | XOM: enchant monster (good)
 14301 | Orc:1    | XOM: enchant monster (bad)
 14343 | D:10     | XOM: god gift: 12 stones
 14663 | Orc:1    | XOM: enchant monster (bad)
 14872 | Orc:1    | Found a roughly hewn altar of Beogh.
 14917 | Orc:2    | Entered Level 2 of the Orcish Mines
 14940 | Orc:2    | Reached skill level 10 in Fighting
 14975 | Orc:2    | XOM: enchant monster (good)
 15300 | Orc:2    | XOM: god gift: 64 gold pieces
 15376 | Orc:2    | Found a staircase to the Elven Halls.
 15481 | Orc:2    | XOM: 1-stop teleportation journey
 15489 | Orc:2    | Noticed an ogre mage
 15491 | Orc:2    | Gained mutation: Your mind is acute. (Int +2) [evolution]
 15797 | Orc:2    | XOM: god gift: lajatang {god gift}
 15948 | Orc:2    | XOM: blink monster(s)
 15983 | Orc:2    | XOM: summons 7 hostile demons
 16073 | Orc:2    | Killed an ogre mage
 16145 | Orc:2    | Found an ancient bone altar of Kikubaaqudgha.
 16145 | Orc:2    | XOM: 2-stop teleportation journey
 16249 | Orc:2    | Found Zuotruvili's Distillery.
 16282 | Orc:2    | Bought a potion of mutation for 112 gold pieces
 16282 | Orc:2    | Lost mutation: You expend magic power (3 MP) to strengthen
                  | your wands. [potion of mutation]
 16282 | Orc:2    | Lost mutation: Armour fits poorly on your strangely shaped
                  | body. [potion of mutation]
 16282 | Orc:2    | Gained mutation: Your mind is very acute. (Int +4) [potion
                  | of mutation]
 16282 | Orc:2    | Gained mutation: You have very sharp teeth. [potion of
                  | mutation]
 16296 | Orc:2    | Found a radiant altar of Vehumet.
 16296 | Orc:2    | Noticed an ogre mage
 16317 | Orc:2    | XOM: divination: magic mapping
 16320 | Orc:2    | XOM: polymorph something unseen -> mana viper
 16327 | Orc:2    | XOM: polymorph orc sorcerer -> queen bee
 16465 | Orc:2    | Found Teish's Gadget Shoppe.
 16508 | Orc:2    | XOM: destruction
 16509 | Orc:2    | XOM: cast spell 'Cause Fear'
 16933 | Orc:2    | Found a roughly hewn altar of Beogh.
 16933 | Orc:2    | Found Toqeic's Antique Armour Shoppe.
 16942 | Orc:2    | Paralysed by an orc sorcerer for 6 turns
 16952 | Orc:2    | XOM: cleaving
 16956 | Orc:2    | XOM: cast spell 'Necromutation'
 17124 | Orc:2    | XOM: noise
 17464 | Orc:2    | XOM: enchant monster (good)
 17488 | Orc:2    | Found Vampast's Book Emporium.
 17631 | Orc:2    | XOM: god gift: wand of acid (8)
 17774 | Orc:2    | Gained mutation: You expend magic power (3 MP) to
                  | strengthen your wands. [evolution]
 17831 | Orc:2    | Bought a shiny helmet for 232 gold pieces
 18117 | Lair:3   | Noticed a six-headed hydra
 18121 | Lair:3   | XOM: noise
 18141 | Lair:2   | XOM: cast spell 'Statue Form'
 18164 | Lair:2   | XOM: fog
 18171 | Lair:2   | Killed a six-headed hydra
 18172 | Lair:2   | Gained mutation: You may emit foul miasma when damaged in
                  | melee. [demonic ancestry]
 18172 | Lair:2   | Reached XP level 13. HP: 105/114 MP: 13/13
 18177 | Lair:2   | XOM: fog
 18188 | Lair:2   | Reached skill level 13 in Polearms
 18197 | Lair:2   | XOM: potion effect (curing)
 18334 | Lair:3   | XOM: silly message
 18339 | Lair:3   | XOM: polymorph white imp -> crimson imp
 18499 | Lair:3   | XOM: chaos cloud
 18571 | Lair:3   | You fall into a shaft and drop 3 floors!
 18571 | Lair:6   | Entered Level 6 of the Lair of Beasts
 18648 | Lair:6   | XOM: 1-stop teleportation journey
 18709 | Lair:6   | XOM: cleaving
 18724 | Lair:6   | XOM: give mutation
 18724 | Lair:6   | Lost mutation: Your system is resistant to poisons. (rPois)
                  | [Xom's mischief]
 19227 | Lair:5   | XOM: summons 6 friendly demons
 19242 | Lair:5   | Reached skill level 10 in Armour
 19348 | Lair:5   | Found a staircase to the Slime Pits.
 19696 | Lair:5   | XOM: give mutation
 19696 | Lair:5   | Lost mutation: You expend magic power (3 MP) to strengthen
                  | your wands. [Xom's mischief]
 19715 | Lair:5   | XOM: summons 7 hostile demons
 19725 | Lair:5   | XOM: give mutations
 19725 | Lair:5   | Lost mutation: Your mind is very acute. (Int +4) [Xom's
                  | mischief]
 19725 | Lair:5   | Lost mutation: Your mind is acute. (Int +2) [Xom's
                  | mischief]
 19725 | Lair:5   | Lost mutation: You evolve. [Xom's mischief]
 19754 | Lair:4   | Found a staircase to the Shoals.
 19757 | Lair:4   | XOM: fog
 19779 | Lair:4   | XOM: polymorph manticore -> floating eye
 19780 | Lair:4   | XOM: summons 1 hostile demon
 19799 | Lair:4   | XOM: give mutations
 19799 | Lair:4   | Lost mutation: Your flesh is cold resistant. (rC+) [Xom's
                  | mischief]
 19799 | Lair:4   | Gained mutation: You are dopey. (Int -2) [Xom's mischief]
 19799 | Lair:4   | Gained mutation: You have supernaturally acute eyesight.
                  | (SInv) [Xom's mischief]
 19799 | Lair:4   | Gained mutation: You are clumsy. (Dex -2) [Xom's mischief]
 19937 | Lair:4   | XOM: summons 7 hostile demons
 20035 | Lair:4   | Found an ornate altar of the Wu Jian Council.
 20128 | Lair:4   | XOM: confuse monster(s)
 20167 | Lair:4   | Noticed Nessos
 20176 | Lair:4   | XOM: summons friendly iron imp
 20176 | Lair:4   | Killed Nessos
 20178 | Lair:4   | XOM: enchant monster (bad)
 20193 | Lair:4   | XOM: 2-stop teleportation journey
 20236 | Lair:4   | XOM: destruction
 20515 | Lair:4   | XOM: confuse monster(s)
 20596 | Lair:4   | XOM: potion effect (might)
 20600 | Lair:4   | XOM: divination: detect items
 20619 | Lair:4   | Reached skill level 14 in Polearms
 20634 | Lair:4   | XOM: polymorph iron imp -> shadow imp
 20700 | Lair:4   | XOM: god gift: 3 scrolls of teleportation
 20936 | Lair:5   | Found a large runed translucent door.
 20936 | Lair:5   | Found a large runed translucent door.
 20940 | Lair:5   | Noticed Tetteh's ghost (journeyman DrBe)
 21096 | Lair:5   | XOM: god gift: 36 gold pieces
 21105 | Lair:5   | XOM: cleaving
 21113 | Lair:5   | XOM: summons 9 friendly demons
 21127 | Lair:5   | Killed Tetteh's ghost
 21418 | Lair:6   | Found an opulent altar of Gozag.
 21655 | Lair:5   | XOM: summons 4 hostile shadow creatures
 22227 | Lair:6   | XOM: smoke on damage
 22356 | Lair:6   | XOM: cloud trail
 22400 | Lair:6   | XOM: polymorph iron imp -> shadow imp
 22417 | Lair:6   | XOM: smoke on damage
 22428 | Lair:6   | XOM: enchant monster (good)
 22481 | Lair:6   | XOM: god gift: 3 javelins
 22596 | Lair:6   | XOM: give mutations
 22596 | Lair:6   | Gained mutation: You expend magic power (3 MP) to
                  | strengthen your wands. [Xom's grace]
 22596 | Lair:6   | Gained mutation: Your spells are a little harder to cast,
                  | but a little more powerful. [Xom's grace]
 22596 | Lair:6   | Gained mutation: You are strong-willed. (Will+) [Xom's
                  | grace]
 22596 | Lair:6   | Gained mutation: You are highly strong-willed. (Will++)
                  | [Xom's grace]
 22605 | Lair:6   | XOM: scenery: create altars
 22923 | Lair:6   | Found a runed translucent door.
 22923 | Lair:6   | Noticed a fire dragon
 22934 | Lair:6   | Gained mutation: You are very robust. (+20% HP) [demonic
                  | ancestry]
 22934 | Lair:6   | Reached XP level 14. HP: 116/135 MP: 14/14
 23012 | Lair:6   | XOM: cloud trail
 23014 | Lair:6   | XOM: blink monster(s)
 23017 | Lair:6   | XOM: potion effect (invisibility)
 23305 | Lair:6   | XOM: potion effect (might)
 23341 | Lair:6   | XOM: divination: detect creatures
 23350 | Lair:6   | XOM: silly message
 23359 | Lair:6   | XOM: potion effect (brilliance)
 23568 | Lair:6   | XOM: divination: detect creatures
 23643 | Lair:6   | XOM: silly message
 23714 | Lair:6   | Reached skill level 10 in Shields
 23753 | Lair:6   | XOM: silly message
 23800 | Lair:6   | XOM: silly message
 24085 | Lair:6   | XOM: silly message
 24153 | Lair:6   | XOM: silly message
 24162 | Lair:6   | XOM: potion effect (curing)
 24186 | Lair:6   | XOM: noise
 24195 | Lair:6   | XOM: stat loss: -1 Int (17/18)
 24230 | Lair:6   | XOM: fake destruction
 24349 | Lair:6   | XOM: summons 3 hostile shadow creatures
 24693 | Lair:5   | XOM: give mutations
 24693 | Lair:5   | Lost mutation: Your flesh is heat resistant. (rF+) [Xom's
                  | mischief]
 24693 | Lair:5   | Lost mutation: You have supernaturally acute eyesight.
                  | (SInv) [Xom's mischief]
 24891 | Lair:6   | XOM: fog
 25010 | Lair:6   | XOM: divination: detect creatures
 25020 | Lair:6   | XOM: god gift: glowing great sword {god gift}
 25126 | Lair:6   | XOM: divination: detect creatures
 25135 | Lair:6   | XOM: cleaving
 25391 | Lair:6   | XOM: god gift: wand of acid (7)
 25471 | Lair:6   | XOM: divination: magic mapping
 25576 | Lair:6   | XOM: enchant monster (good)
 25578 | Lair:6   | XOM: cast spell 'Cause Fear'
 25721 | Lair:6   | XOM: god gift: 7 atropa-tipped darts
 25774 | Lair:3   | XOM: summons 14 friendly demons
 25835 | Lair:3   | XOM: 1-stop teleportation journey
 26263 | Snake:1  | Entered Level 1 of the Snake Pit
 26298 | Lair:2   | XOM: enchant monster (bad)
 26301 | Lair:2   | XOM: snakes to sticks
 26388 | Lair:2   | XOM: silly message
 26649 | Snake:1  | XOM: divination: detect creatures
 26699 | Snake:1  | XOM: noise
 26719 | Snake:1  | XOM: blink monster(s)
 26914 | Snake:1  | XOM: summons 3 friendly demons
 27062 | Snake:1  | Found Fanesk's Antique Weapon Shop.
 27109 | Snake:1  | XOM: 1-stop teleportation journey
 27317 | Snake:1  | XOM: fake destruction
 27325 | Snake:1  | Reached skill level 15 in Polearms
 27381 | Snake:1  | XOM: noise
 27608 | Snake:1  | XOM: draining
 28032 | Snake:2  | XOM: summons 4 friendly demons
 28089 | Snake:2  | XOM: polymorph shadow imp -> iron imp
 28504 | Snake:2  | XOM: 3-stop teleportation journey
 28544 | Snake:2  | XOM: confuse monster(s)
 28640 | Snake:2  | XOM: chaos upgrade
 28653 | Snake:2  | XOM: chaos upgrade
 28657 | Snake:2  | XOM: give mutations
 28657 | Snake:2  | Gained mutation: You are weak. (Str -2) [Xom's mischief]
 28671 | Snake:2  | XOM: chaos upgrade
 29082 | Snake:2  | XOM: give mutations
 29082 | Snake:2  | Lost mutation: You are highly strong-willed. (Will++)
                  | [Xom's mischief]
 29082 | Snake:2  | Lost mutation: You are strong-willed. (Will+) [Xom's
                  | mischief]
 29158 | Snake:2  | XOM: torment (71/139 hp)
 29275 | Snake:2  | XOM: 3-stop teleportation journey
 29399 | Snake:2  | XOM: stat loss: -1 Str (15/16)
 29459 | Snake:2  | XOM: cleaving
 29663 | Snake:2  | XOM: enchant monster (bad)
 29676 | Snake:2  | Reached XP level 15. HP: 146/146 MP: 15/15
 29748 | Snake:2  | Found Foveuset's Gadget Boutique.
 29750 | Snake:2  | Found Zeirebi's Jewellery Shoppe.
 29751 | Snake:2  | Found Jalifeas's Gadget Boutique.
 29849 | Snake:3  | Noticed a nagaraja
 29860 | Snake:2  | XOM: confuse monster(s)
 30076 | Snake:2  | XOM: noise
 30080 | Snake:3  | Noticed Saint Roka
 30091 | Snake:2  | XOM: torment (58/146 hp)
 30093 | Snake:2  | XOM: smoke on damage
 30314 | Snake:2  | XOM: swap monsters
 30451 | Snake:2  | Killed a nagaraja
 30754 | Snake:2  | XOM: summons 1 hostile demon
 30975 | Snake:3  | XOM: destruction
 31189 | Snake:2  | XOM: polymorph orc warrior -> shapeshifter
 31348 | Snake:3  | XOM: noise
 31371 | Snake:2  | Killed Saint Roka
 31500 | Snake:2  | XOM: give mutation
 31500 | Snake:2  | Lost mutation: You are clumsy. (Dex -2) [Xom's mischief]
 31547 | Snake:3  | XOM: enchant monster (bad)
 31852 | Snake:2  | XOM: cloud trail
 31892 | Snake:3  | XOM: enchant monster (good)
 31925 | Snake:2  | Killed from afar by a shock serpent

Illustrated notes

Levels and vault maps discovered:
D:1:      dpeg_arrival_simpleton_a, layout_basic, minmay_worlds_worst_comb
D:2:      layout_basic, zin_academy
D:3:      layout_rooms, lightli_sewer_entry_pipes
D:4:      layout_basic, eat_drink_and_be_merry_uskayaw,
          minmay_temple_entry_stoned_glass, minmay_circle_x
D:5:      layout_basic, serial_shops, nicolae_shop_behind_doors
D:6:      layout_basic, nicolae_ru_awakened_eye, serial_shops,
          kennysheep_mini_moat, nrook_mini_backslash, okawaru_altar_gauntlet_db,
          uniq_menkaure
D:7:      layout_basic, enter_ossuary_2, uniq_pikel
D:8:      layout_rooms, general_overflow_altar, lemuel_crystal_altar,
          serial_glass, glass_columns_b, glass_columns_a, glass_columns_a,
          glass_columns_a, uniq_psyche
D:9:      layout_small_grid, grunt_temple_overflow_open, dpeg_lair_monsters
D:10:     cheibrodos_steamvent, layout_basic, orc_0_dummy, basic_altar,
          uniq_joseph, uniq_snorg
D:11:     layout_cross, nrook_guardian_serpent_ordinary, uniq_erolcha
Lair:1:   layout_cave_pods
Lair:2:   layout_chaotic_city, guppyfry_snake_entry_garden
Lair:3:   layout_cave_shapes, worms_lemuel
Lair:4:   layout_big_grid, minmay_shoals_entry_beasts, basic_altar, uniq_nessos
Lair:5:   layout_cave_pods, nicolae_slime_entry_slimehenge,
          ebering_ghost_disaster_area
Lair:6:   wormcave, layout_hall_layers, hangedman_lair_caniforms_friends,
          special_room [special_room_bee], basic_altar
Snake:1:  layout_misc_corridors, serial_shops, shop, grunt_megastairs_5
Snake:2:  layout_onion, grunt_megastairs_2, minmay_shop_grove
Snake:3:  nicolae_cobra_stairs, layout_rooms, minmay_shop_enchanted_jewellery,
          grunt_ministairs_2, lemuel_oklob_altar, uniq_saint_roka
Orc:1:    layout_diamond_mine, serial_shops, shop_statue,
          lightli_church_of_beogh
Orc:2:    kennysheep_orc_mage_school, layout_diamond_mine

Skill      XL: |  1  2  3  4  5  6  7  8  9 10 11 12 13 14 15 |
---------------+----------------------------------------------+-----
Dodging        | 1 2 3 |  3.0
Polearms       | 3 4 5 7 8 10 11 12 14 15 | 15.6
Armour         | 2 3 4 5 6 7 8 9 10 11 | 11.6
Fighting       | 4 5 6 7 8 9 10 11 12 | 12.6
Shields        | 2 3 5 6 7 8 9 10 11 | 11.1

Action                   |  1- 3 |  4- 6 |  7- 9 | 10-12 | 13-15 || total
-------------------------+-------+-------+-------+-------+-------++-------
Melee: Spear             |   141 |   258 |   751 |  1384 |  2096 ||  4630
       Kick              |    12 |    53 |   176 |   378 |   552 ||  1171
       Bite              |       |       |       |    22 |   203 ||   225
  Use: Scroll            |       |    14 |     4 |     9 |     8 ||    35
       Potion            |       |     5 |     5 |    10 |     6 ||    26
 Stab: Sleeping          |     1 |       |       |     1 |       ||     2
       Petrifying        |     1 |     1 |     2 |     6 |    18 ||    28
       Petrified         |       |     3 |    11 |    20 |    46 ||    80
       Paralysed         |       |     7 |     4 |    20 |    34 ||    65
       Confused          |       |     1 |     4 |     7 |    20 ||    32
       Distracted        |       |       |     3 |     8 |    10 ||    21
       Invisible         |       |       |       |     6 |     3 ||     9
Armor: Leather armour    |    36 |    93 |       |       |       ||   129
       Plate armour      |       |    10 |   224 |   270 |   740 ||  1244
       Skin              |       |       |       |    76 |    38 ||   114
Dodge: Dodged            |    37 |   121 |    13 |    82 |   183 ||   436
Block: Tower shield      |       |    30 |   499 |  1098 |  2294 ||  3921
       Reflection        |       |       |       |    14 |    88 ||   102

Table legend: (Time is in decaauts)
 A = Elapsed time spent in this place.
 B = Non-inter-level travel time spent in this place.
 C = Inter-level travel time spent in this place.
 D = Time resting spent in this place.
 E = Time spent auto-exploring this place.
 F = Levels seen in this place.
 G = Mean time per level.
                   A        B        C        D        E       F      G
               +--------+--------+--------+--------+--------+-----+--------+
         Total |  30598 |  29384 |   1214 |   8989 |  14985 |  24 | 1274.9 |
       Dungeon |  10034 |   9566 |    468 |   1925 |   5554 |  11 |  912.2 |
          Lair |  11367 |  10857 |    510 |   2970 |   6058 |   6 | 1894.5 |
     Snake Pit |   5063 |   5010 |     53 |   3020 |   1406 |   3 | 1687.7 |
  Orcish Mines |   3615 |   3432 |    183 |   1074 |   1674 |   2 | 1807.5 |
         Sewer |    124 |    124 |      0 |      0 |     99 |   1 |  124.0 |
       Ossuary |    393 |    393 |      0 |      0 |    193 |   1 |  393.0 |
               +--------+--------+--------+--------+--------+-----+--------+

Top non-repeatable levels by time:
 Snake:2: 4007 daAuts
  Lair:6: 3667 daAuts
   Orc:2: 2872 daAuts
  Lair:1: 2315 daAuts
  Lair:5: 2033 daAuts
     D:9: 2001 daAuts
    D:10: 1704 daAuts
  Lair:2: 1593 daAuts
     D:6: 1255 daAuts
  Lair:4: 1019 daAuts
 Snake:1: 980 daAuts
     D:5: 854 daAuts
     D:3: 813 daAuts
     D:4: 784 daAuts
   Orc:1: 743 daAuts
